 Dungeon Crawl Stone Soup version 0.31-a0-656-gb4d89c20fa (webtiles) character file.

Game seed: 17841139347094997549

56 cforsyth the Charlatan (level 3, 0/28 HPs)
             Began as a Gnoll Artificer on Aug 30, 2023.
             Slain by a gnoll
             ... wielding a +0 flail
              (10 damage)
             ... on level 1 of the Dungeon.
             The game lasted 00:02:05 (1565 turns).

cforsyth the Charlatan (Gnoll Artificer)            Turns: 1565, Time: 00:02:06

Health: 0/28       AC:  8    Str: 11    XL:     3   Next: 97%
Magic:  4/4        EV:  7    Int: 12    God:
Gold:   73         SH:  7    Dex: 12    Spells: 4/4 levels left

rFire   . . .        a - +0 club
rCold   . . .        h - +0 kite shield
rNeg    . . .        n - +0 scale mail
rPois   .            (no helmet)
rElec   .            (no cloak)
rCorr   .            m - +0 pair of gloves
SInv    .            (no boots)
Will    .....        (no amulet)
Stlth   +            (no ring)
HPRegen 0.24/turn    (no ring)
MPRegen 0.09/turn

%: no passive effects
@: no status effects
A: fangs 1, strong nose, distributed training
a: no special abilities


You were on level 1 of the Dungeon.
You visited 1 branch of the dungeon, and saw 2 of its levels.

You collected 73 gold pieces.

Inventory:

Hand Weapons
 a - a +0 club (weapon)
Armour
 b - a +0 leather armour
 h - a +0 kite shield (worn)
 m - a +0 pair of gloves (worn)
 n - a +0 scale mail (worn)
Wands
 c - a wand of flame (12) (quivered)
 d - a wand of charming (15)
 e - a wand of iceblast (5)
Scrolls
 g - a scroll of immolation {unknown}
 i - 3 scrolls of identify {unknown}
 j - a scroll of teleportation {unknown}
 o - a scroll of vulnerability {unknown}
 p - a scroll of silence {unknown}
Potions
 f - 2 potions of heal wounds {unknown}
 k - a potion of brilliance {unknown}
 l - a potion of degeneration {unknown}


   Skills:
 + Level 2.7 Fighting
 + Level 1.0 Short Blades
 + Level 1.0 Long Blades
 + Level 1.0 Axes
 + Level 1.0 Maces & Flails
 + Level 1.0 Polearms
 + Level 1.0 Staves
 + Level 1.0 Ranged Weapons
 + Level 1.0 Throwing
 + Level 4.6 Armour
 + Level 2.7 Dodging
 + Level 2.5 Stealth
 + Level 1.0 Shields
 + Level 1.0 Unarmed Combat
 + Level 1.0 Spellcasting
 + Level 0.7 Conjurations
 + Level 0.7 Hexes
 + Level 0.7 Summonings
 + Level 0.7 Necromancy
 + Level 0.7 Translocations
 + Level 0.7 Transmutations
 + Level 0.7 Fire Magic
 + Level 0.7 Ice Magic
 + Level 0.7 Air Magic
 + Level 0.7 Earth Magic
 + Level 0.7 Poison Magic
 + Level 1.1 Invocations
 + Level 6.5 Evocations
 + Level 0.9 Shapeshifting


You had 4 spell levels left.
You didn't know any spells.
Your spell library was empty.

Dungeon Overview and Level Annotations

Branches:
Dungeon (2/15)

Altars:


Innate Abilities, Weirdness & Mutations

You have very sharp teeth.
Your uncanny sense of smell can sniff out nearby items.
Your experience applies equally to all skills.


Message History

You are too injured to fight recklessly!
You are too injured to fight recklessly!
Aiming: Throw Flame
Press: ? - help, Shift-Dir - straight line, f - gnoll
Aim: a gnoll, wielding a +0 halberd (heavily wounded, 77% to hit)
The puff of flame hits the gnoll.
The gnoll is severely wounded.
The gnoll closely misses you.
Aiming: Throw Flame
Press: ? - help, Shift-Dir - straight line, f/p - gnoll
Aim: a gnoll, wielding a +0 halberd (severely wounded, 77% to hit)
The puff of flame hits the gnoll!
You kill the gnoll!
Your Short Blades skill increases to level 1!
Your Long Blades skill increases to level 1!
Your Axes skill increases to level 1!
Your Maces & Flails skill increases to level 1!
Your Polearms skill increases to level 1!
Your Staves skill increases to level 1!
Your Ranged Weapons skill increases to level 1!
Your Throwing skill increases to level 1!
Your Shields skill increases to level 1!
Your Unarmed Combat skill increases to level 1!
Your Spellcasting skill increases to level 1!
Unknown command.
You start resting.
HP restored.
There is a stone staircase leading down, spattered with blood here.
You climb downwards.
The gnoll hits you with a +0 flail. x2
There is a stone staircase leading up, spattered with blood here.
You block the gnoll's attack.
You climb upwards.
There is a stone staircase leading down, spattered with blood here.
You hit the gnoll.
The gnoll is lightly wounded.
The gnoll hits you with a +0 flail.
You hit the gnoll but do no damage.
The gnoll is lightly wounded.
The gnoll hits you with a +0 flail! x2
You die...

........)..#........##†#.##.###
....########.##.###.##.#....#
.(..'........##.###.##)######
....###########.#...##.####
....# #....(....#.####....#
....# #....†#####.####....#
....# #.....#.............#
....###.#####.....####....#
#####...# #...@##..#....# #
#.### #...g)...#....# #####'###
#...####.#....#
........#####...####.#....######
........+...#......#.#.........#
........###.#........#.#.......#
........#......#.#†###.#.......#
........#....#.#.#.....#.......#
........#....#...#.....'.......#


You could see a gnoll.

Vanquished Creatures
  A gnoll (D:1)
  A dart slug (D:1)
  3 ball pythons
  6 bats (D:1)
  2 endoplasms (D:1)
  3 goblins (D:1)
  6 hobgoblins
  6 jackals (D:1)
  2 quokkas
  5 frilled lizards
  2 kobolds (D:1)
  5 rats
42 creatures vanquished.

Notes
Turn   | Place    | Note
-------+----------+-------------------------------------------
     0 | D:1      | cforsyth the Gnoll Artificer began the quest for the Orb.
     0 | D:1      | Reached XP level 1. HP: 17/17 MP: 1/1
    44 | D:1      | Reached XP level 2. HP: 6/23 MP: 2/2
   564 | D:1      | Reached XP level 3. HP: 23/28 MP: 3/3
   836 | D:1      | Reached skill level 1 in Invocations
  1478 | D:1      | Reached skill level 1 in Short Blades
  1478 | D:1      | Reached skill level 1 in Long Blades
  1478 | D:1      | Reached skill level 1 in Axes
  1478 | D:1      | Reached skill level 1 in Maces & Flails
  1478 | D:1      | Reached skill level 1 in Polearms
  1478 | D:1      | Reached skill level 1 in Staves
  1478 | D:1      | Reached skill level 1 in Ranged Weapons
  1478 | D:1      | Reached skill level 1 in Throwing
  1478 | D:1      | Reached skill level 1 in Shields
  1478 | D:1      | Reached skill level 1 in Unarmed Combat
  1478 | D:1      | Reached skill level 1 in Spellcasting
  1565 | D:1      | Slain by a gnoll

Illustrated notes

Levels and vault maps discovered:
D:1:      dpeg_arrival_ternary, layout_basic
D:2:      layout_basic, minmay_pentomino_v2

Skill      XL: |  1  2  3 |
---------------+----------+-----
Invocations    | 1 |  1.1
Short Blades   | 1 |  1.0
Long Blades    | 1 |  1.0
Axes           | 1 |  1.0
Maces & Flails | 1 |  1.0
Polearms       | 1 |  1.0
Staves         | 1 |  1.0
Ranged Weapons | 1 |  1.0
Throwing       | 1 |  1.0
Shields        | 1 |  1.0
Unarmed Combat | 1 |  1.0
Spellcasting   | 1 |  1.0
Fighting       | |  2.7
Armour         | |  4.6
Dodging        | |  2.7
Stealth        | |  2.5
Conjurations   | |  0.7
Hexes          | |  0.7
Summonings     | |  0.7
Necromancy     | |  0.7
Translocations | |  0.7
Transmutations | |  0.7
Fire Magic     | |  0.7
Ice Magic      | |  0.7
Air Magic      | |  0.7
Earth Magic    | |  0.7
Poison Magic   | |  0.7
Evocations     | |  6.5
Shapeshifting  | |  0.9

Action                     || total
---------------------------++-------
  Melee: Club              ||   194
         Bite              ||    10
  Evoke: Wand              ||     3
   Stab: Sleeping          ||     2
 Armour: Leather armour    ||    53
         Scale mail        ||    23
  Dodge: Dodged            ||   147
  Block: Kite shield       ||    63

Table legend: (Time is in decaauts)
 A = Elapsed time spent in this place.
 B = Non-inter-level travel time spent in this place.
 C = Inter-level travel time spent in this place.
 D = Time resting spent in this place.
 E = Time spent auto-exploring this place.
 F = Levels seen in this place.
 G = Mean time per level.
                   A        B        C        D        E       F      G
               +--------+--------+--------+--------+--------+-----+--------+
         Total |   1648 |   1609 |     39 |    180 |    937 |   2 |  824.0 |
       Dungeon |   1648 |   1609 |     39 |    180 |    937 |   2 |  824.0 |
               +--------+--------+--------+--------+--------+-----+--------+

Top non-repeatable levels by time:
     D:1: 1355 daAuts
     D:2: 292 daAuts
